 Dungeon Crawl Stone Soup version 0.18.1-8-gdd0e5ea (webtiles) character file.

44837 M4edhros the Cleaver (level 14, -4/113 HPs)
             Began as a Formicid Fighter on June 5, 2016.
             Was a High Priest of Yredelemnul.
             Slain by a skeletal warrior
             ... wielding a +3 dire flail
             ... led by a death knight
              (24 damage)
             ... on level 15 of the Dungeon.
             The game lasted 00:32:43 (15446 turns).

M4edhros the Cleaver (Formicid Fighter)            Turns: 15446, Time: 00:32:44

Health: -4/113     AC:  8    Str: 20    XL:     14   Next: 68%
Magic:  13/22      EV: 24    Int:  8    God:    Yredelemnul [*****.]
Gold:   876        SH: 16    Dex: 20    Spells: 0 memorised, 13 levels left

rFire  + . .     SeeInvis +     H - +6 executioner's axe
rCold  + . .     Gourm    .     L - +1 troll leather armour
rNeg   . . .     Faith    .     c - +0 shield
rPois  .         Spirit   .     (helmet unavailable)
rElec  .         Dismiss  .     s - +1 cloak
rCorr  .         Reflect  +     A - +2 pair of gloves
SustAt .         Harm     .     (no boots)
MR     ++...                    o - +3 amulet of reflection
Stlth  +++.......               y - ring of protection from cold
                                J - ring of protection from magic

@: agile, corroded, very resistant to hostile enchantments, fairly stealthy
A: permanent stasis, dig shafts and tunnels, four strong arms, antennae 3,
talons 1, icy blue scales 1, molten scales 1, rough black scales 1, agile 1,
fire resistance 1, weak 1, wild magic 1
a: Dig, Shaft Self, Recall Undead Slaves, Injury Mirror, Animate Dead, Drain
Life, Enslave Soul, Renounce Religion


You were on level 15 of the Dungeon.
You worshipped Yredelemnul.
Yredelemnul was extremely pleased with you.
You were hungry.

You visited 1 branch of the dungeon, and saw 15 of its levels.
You also visited: Sewer and Ice Cave.

You collected 876 gold pieces.

Inventory:

Hand Weapons
 j - a +5 blowgun
 F - a +0 scythe
 H - a +6 executioner's axe (weapon)
 I - a +4 greatsling of flaming
Missiles
 p - 4 curare-tipped needles
 B - 16 tomahawks (quivered)
Armour
 c - a +0 shield (worn)
 s - a +1 cloak (worn)
 u - the +6 chain mail of Refuge {rF+ rN+}
   (You found it on level 14 of the Dungeon)

   It protects you from fire.
   It protects you from negative energy.
 A - a +2 pair of gloves (worn)
 L - a +1 troll leather armour (worn)
Jewellery
 o - a +3 amulet of reflection (around neck)
 x - an uncursed ring of flight
 y - a ring of protection from cold (right hand)
 J - a ring of protection from magic (left hand)
 Z - an uncursed ring of protection from cold
Wands
 d - a wand of flame (11/48)
 g - a wand of disintegration (3/24)
 h - a wand of iceblast (4/15)
 i - a wand of iceblast (1/15)
 m - a wand of iceblast (9/15)
 z - a wand of enslavement (16/24)
 D - a wand of disintegration (8/24)
 K - a wand of flame (33/48)
 U - a wand of iceblast (7/15)
 V - a wand of paralysis (18/24)
Scrolls
 a - 2 scrolls of silence
 e - 3 scrolls of magic mapping
 n - 3 scrolls of immolation
 q - 5 scrolls of identify
 t - 3 scrolls of remove curse
 v - 2 scrolls of fog
 O - 2 scrolls of amnesia
 S - 2 scrolls of summoning
 T - 2 scrolls of recharging
 Y - 2 scrolls of enchant weapon
Potions
 r - 6 potions of flight
 w - a potion of curing
 M - a potion of invisibility {unknown}
 N - a potion of cancellation
 Q - 2 potions of ambrosia
 X - a potion of cure mutation
Books
 b - Sif Muna's Reference Book on Creation
   (You found it on level 6 of the Dungeon)

   Spells                             Type                      Level
   a - Summon Small Mammal            Summoning                    1
 E - a book of the Earth

   Spells                             Type                      Level
   a - Leda's Liquefaction            Hexes/Earth                  4
   b - Bolt of Magma                  Conjuration/Fire/Earth       5
   c - Statue Form                    Transmutation/Earth          6
   d - Iron Shot                      Conjuration/Earth            6
   e - Shatter                        Earth                        9
 R - a book of Burglary

   Spells                             Type                      Level
   a - Swiftness                      Charms/Air                   2
   b - Passwall                       Transmutation/Earth          2
   c - Passage of Golubria            Translocation                4
   d - Lee's Rapid Deconstruction     Earth                        5
   e - Darkness                       Hexes                        6
   f - Invisibility                   Hexes                        6
Miscellaneous
 P - a phial of floods
Comestibles
 f - 20 bread rations
 k - 21 fruits
 l - 7 meat rations
 W - a slice of pizza


   Skills:
 - Level 11.2 Fighting
 * Level 12.7(14.0) Axes
 - Level 10.0(12.7) Polearms
 - Level 3.2 Armour
 - Level 9.0 Dodging
 - Level 10.3 Shields
 * Level 11.3 Invocations


You had 13 spell levels left.
You didn't know any spells.

Dungeon Overview and Level Annotations

Branches:
Dungeon (15/15)            Temple (0/1) D:6            Lair (0/8) D:8
    Orc (0/2) D:12         Vaults (0/5) D:13
 Depths: D:15

Altars:
Ashenzari
Elyvilon
Gozag
Kikubaaqudgha
Makhleb
Nemelex Xobeh
Sif Muna
Trog
Vehumet
Yredelemnul
Zin
The Shining One

Shops:
D:4 %   D:11 :

Annotations:
D:5 Eustachio; deorigin's ghost, novice DrTm


Innate Abilities, Weirdness & Mutations

You are under a permanent stasis effect.
You can dig through walls and to a lower floor.
Your four strong arms can wield two-handed weapons with a shield.
You have a pair of large antennae on your head (SInv).
You have sharp toenails.
You are partially covered in icy blue scales (AC +1).
You are partially covered in molten scales (AC +1).
You are partially covered in rough black scales (AC +4, Dex -1).
You are agile. (Dex +2)
Your flesh is heat resistant.
You are weak. (Str -2)
Your spells are a little harder to cast, but a little more powerful.


Message History

Drink which item? (? for menu, Esc to quit)
Okay, then.
Evoke which item? (* to show all) (? for menu, Esc to quit)
Okay, then.
You block the freezing wraith's attack. x2
The skeletal warrior hits you with an enchanted dire flail!
* * * LOW HITPOINT WARNING * * *
The brown ugly thing completely misses you.
Drink which item? (? for menu, Esc to quit)
Okay, then.
Drink which item? (? for menu, Esc to quit)
You feel better.
You block the skeletal warrior's attack.
Drink which item? (? for menu, Esc to quit)
Okay, then.
Drink which item? (? for menu, Esc to quit)
You feel agile all of a sudden.
The skeletal warrior hits you with an enchanted dire flail!!
You die...
Your body rises from the dead as a mindless zombie.

###.####.#.####
######.####.#.####
........{.........)
#######.####.#.....
#########.# #.#.####
#......##.####.#<# {
#....(...........####
#.............(......
#...@................
#####zu...........(.)
##uW..........##.#
#.z...........##.#
#....###########.#
###....#### #z.
#.........# ###
#.........#
......)...$...#


You could see 2 ugly things, 2 skeletal warriors and a freezing wraith.

Vanquished Creatures
  A frost giant (IceCv)
  3 vault guards (D:13)
  Josephine (D:14)
  Fannar (D:10)
  2 centaur warriors (D:13)
  2 death knights (D:15)
  5 death yaks (IceCv)
  A tengu warrior (D:10)
  Sonja (D:11)
  3 unseen horrors
  Pikel (D:8)
  3 hill giants
  A manticore (D:11)
  7 ugly things
  An orc sorcerer (D:12)
  A cyclops (D:13)
  Joseph (D:7)
  Psyche (D:9)
  A freezing wraith (D:15)
  5 trolls
  13 polar bears (IceCv)
  2 two-headed ogres
  Prince Ribbit (D:6)
  3 snapping turtles (D:10)
  2 shadows (D:11)
  Sigmund (D:5)
  A wyvern (D:12)
  4 hungry ghosts
  4 wraiths
  26 yaks
  A basilisk (D:14)
  7 vampire mosquitoes
  3 hippogriffs
  A soldier ant (D:13)
  2 water moccasins (D:13)
  A black bear (D:7)
  5 orc warriors
  8 sky beasts
  9 ice beasts
  A phantom (D:12)
  An eye of draining (D:14)
  A wasp (D:13)
  14 wolves (IceCv)
  4 ogres
  6 centaurs
  4 crocodiles
  A big kobold (D:8)
  5 giant frogs
  2 troll zombies (D:12)
  9 scorpions
  20 killer bees
  6 electric eels (D:10)
  5 wights (D:13)
  3 howler monkeys
  5 crimson imps
  2 centaur zombies
  A giant frog zombie (D:8)
  A quasit (D:6)
  7 hounds
  2 jellies
  Crazy Yiuf (D:7)
  9 orc priests
  4 centaur skeletons
  2 giant frog skeletons (D:12)
  2 iguanas
  8 orc wizards
  8 worker ants
  6 ogre zombies (D:12)
  A hound zombie (D:5)
  A hound skeleton (D:5)
  18 adders
  5 river rats
  3 shadow imps
  An ooze (D:1)
  3 adder skeletons
  3 worms
  11 giant geckos
  44 orcs
  20 bats
  8 giant cockroaches
  10 hobgoblins
  20 kobolds
  5 quokkas
  4 ball pythons
  A ball python skeleton (D:4)
  11 giant newts
  5 goblins
  4 goblin zombies (D:12)
  4 hobgoblin zombies (D:12)
  An orc skeleton (D:12)
  16 orc zombies (D:12)
  11 rats
  A plant (D:10)
487 creatures vanquished.

Vanquished Creatures (collateral kills)
  A vault guard (D:13)
  An unseen horror (D:13)
  2 ugly things
  A cyclops (D:15)
  A gargoyle (D:10)
  A centaur skeleton (D:14)
  A troll (D:14)
  2 polar bears (IceCv)
  A snapping turtle (D:10)
  A wraith (D:14)
  5 yaks
  2 hippogriffs
  A basilisk (D:11)
  3 vampire mosquitoes
  A water moccasin (D:11)
  A phantom (D:13)
  3 centaurs (D:13)
  A big kobold (D:10)
  A giant frog (D:13)
  A jelly (D:13)
  An orc priest (D:13)
  A hound (D:13)
  A giant frog skeleton (D:11)
  An orc wizard (D:13)
  2 worker ants
  3 orcs (D:13)
  A bat (D:10)
  3 kobolds (D:10)
  A plant (D:10)
45 creatures vanquished.

Vanquished Creatures (others)
  11 flying skulls
  2 wraiths
  3 centaurs
  A giant frog (D:8)
  A polar bear zombie (IceCv)
  A hippogriff zombie (D:13)
  2 wights
  4 wolf zombies (IceCv)
  A wasp zombie (D:13)
  A centaur zombie (D:13)
  2 mummies (D:11)
  2 plants (D:10)
31 creatures vanquished.

Grand Total: 563 creatures vanquished

Notes
Turn   | Place    | Note
--------------------------------------------------------------
     0 | D:1      | M4edhros the Formicid Fighter began the quest for the Orb.
     0 | D:1      | Reached XP level 1. HP: 18/18 MP: 1/1
   160 | D:1      | Reached XP level 2. HP: 22/24 MP: 2/2
   248 | D:2      | Reached XP level 3. HP: 28/29 MP: 3/3
   357 | D:3      | Found a basalt altar of Yredelemnul.
   406 | D:3      | Became a worshipper of Yredelemnul the Dark
   586 | D:1      | Reached XP level 4. HP: 31/35 MP: 4/4
   865 | D:1      | Reached skill level 5 in Shields
  1111 | D:2      | Reached * piety under Yredelemnul
  1228 | D:2      | Reached XP level 5. HP: 26/41 MP: 5/5
  2118 | D:3      | Reached XP level 6. HP: 36/47 MP: 6/6
  2450 | D:4      | Found Peentups's Food Emporium.
  2724 | D:4      | Found a bloodstained altar of Trog.
  2951 | D:4      | Reached ** piety under Yredelemnul
  2972 | D:4      | Reached skill level 5 in Polearms
  2979 | D:4      | Reached XP level 7. HP: 25/52 MP: 7/7
  3265 | D:4      | Found a glowing golden altar of the Shining One.
  3274 | D:4      | Found a burning altar of Makhleb.
  3277 | D:4      | Noticed a green death
  3279 | D:4      | Found a glowing silver altar of Zin.
  3279 | D:4      | Noticed an angel
  3480 | D:5      | Entered Level 5 of the Dungeon
  4098 | D:5      | Found a shattered altar of Ashenzari.
  4114 | D:5      | Noticed Eustachio
  4117 | D:5      | Noticed deorigin's ghost (novice DrTm)
  4160 | D:5      | You fall through a shaft for 3 floors!
  4417 | D:7      | Reached XP level 8. HP: 22/58 MP: 8/8
  4668 | D:6      | Found a staircase to the Ecumenical Temple.
  4704 | D:6      | Noticed Prince Ribbit
  4715 | D:6      | Killed Prince Ribbit
  4913 | D:6      | Got a brightly glowing chain mail
  4925 | D:6      | Identified the +5 chain mail "Resikh" {rCorr Str+2 Int+3} (You found it on level 6 of the Dungeon)
  5051 | D:6      | Found an ancient bone altar of Kikubaaqudgha.
  5059 | D:6      | Found a deep blue altar of Sif Muna.
  5061 | D:6      | Found a radiant altar of Vehumet.
  5066 | D:6      | Identified Sif Muna's Reference Book on Creation
  5104 | D:6      | Found a glowing drain.
  5108 | Sewer    | Entered a sewer
  5826 | D:5      | Reached XP level 9. HP: 64/64 MP: 9/9
  6023 | D:5      | Reached *** piety under Yredelemnul
  6055 | D:5      | Reached skill level 10 in Shields
  6098 | D:5      | Gained mutation: You are weak. (Str -2) [mutagenic meat]
  6099 | D:5      | Gained mutation: You are partially covered in molten scales (AC +1). [mutagenic meat]
  6101 | D:5      | Gained mutation: You are partially covered in icy blue scales (AC +1). [mutagenic meat]
  6102 | D:5      | Noticed Sigmund
  6125 | D:5      | Killed Sigmund
  6236 | D:5      | You fall through a shaft for 3 floors!
  6565 | D:8      | Reached skill level 1 in Dodging
  6732 | D:8      | Found a staircase to the Lair.
  6819 | D:8      | Gained mutation: You are very weak. (Str -4) [mutagenic meat]
  6821 | D:8      | Gained mutation: You have sharp toenails. [mutagenic meat]
  6907 | D:8      | Noticed Pikel
  6923 | D:8      | Killed Pikel
  6923 | D:8      | Reached XP level 10. HP: 33/73 MP: 10/10
  6980 | D:8      | Reached skill level 5 in Fighting
  7070 | D:8      | Reached skill level 10 in Polearms
  7491 | D:7      | Reached skill level 1 in Axes
  7527 | D:7      | Reached **** piety under Yredelemnul
  7531 | D:7      | Received a gift from Yredelemnul
  7704 | D:7      | Noticed Joseph
  7715 | D:7      | Killed Joseph
  7715 | D:7      | Reached skill level 2 in Axes
  7995 | D:7      | Noticed Crazy Yiuf
  7999 | D:7      | Killed Crazy Yiuf
  8246 | D:9      | Reached skill level 3 in Axes
  8250 | D:9      | Gained mutation: You have sharp fingernails. [mutagenic meat]
  8251 | D:9      | Lost mutation: You are very weak. (Str -4) [mutagenic meat]
  8252 | D:9      | Gained mutation: Your flesh is heat resistant. [mutagenic meat]
  8656 | D:9      | Received a gift from Yredelemnul
  8698 | D:9      | Found a white marble altar of Elyvilon.
  8763 | D:9      | Reached skill level 4 in Axes
  8853 | D:9      | Noticed Psyche
  8861 | D:9      | Killed Psyche
  8936 | D:9      | Found a sparkling altar of Nemelex Xobeh.
  8937 | D:9      | Found an opulent altar of Gozag.
  9078 | D:10     | Entered Level 10 of the Dungeon
  9162 | D:10     | Reached skill level 5 in Axes
  9162 | D:10     | Reached XP level 11. HP: 83/83 MP: 11/11
  9173 | D:10     | Noticed Fannar
  9203 | D:10     | Killed Fannar
  9203 | D:10     | Reached skill level 5 in Dodging
  9256 | D:10     | Reached skill level 6 in Axes
  9259 | D:10     | Gained mutation: You are agile. (Dex +2) [potion of mutation]
  9259 | D:10     | Lost mutation: You have sharp fingernails. [potion of mutation]
  9998 | D:10     | Received a gift from Yredelemnul
 10042 | D:10     | Noticed a tengu warrior
 10052 | D:10     | Killed a tengu warrior
 10186 | D:10     | Reached skill level 7 in Axes
 10803 | D:11     | Noticed Sonja
 10803 | D:11     | Noticed a hill giant
 10989 | D:10     | Killed a hill giant
 10999 | D:11     | Killed Sonja
 11039 | D:11     | Reached skill level 8 in Axes
 11044 | D:11     | Got a twisted helmet
 11045 | D:11     | Identified the +0 helmet of Jioduf {-Cast Str+5} (You found it on level 11 of the Dungeon)
 11048 | D:11     | Noticed a manticore
 11059 | D:11     | Killed a manticore
 11104 | D:11     | Reached XP level 12. HP: 41/94 MP: 12/12
 11144 | D:11     | Found Wesoplax's Book Shoppe.
 11759 | D:12     | Reached skill level 9 in Axes
 11901 | D:12     | Found a staircase to the Orcish Mines.
 12068 | D:12     | Reached skill level 1 in Invocations
 12546 | D:12     | Noticed an unseen horror
 12560 | D:12     | Killed an unseen horror
 12641 | D:13     | Noticed a centaur warrior
 12646 | D:13     | Noticed a centaur warrior
 12655 | D:13     | Killed a centaur warrior
 12655 | D:13     | Reached skill level 10 in Axes
 12659 | D:13     | HP: 3/95 [hill giant/giant club (26)]
 12669 | D:13     | Killed a centaur warrior
 12922 | D:13     | Found a gate to the Vaults.
 12922 | D:13     | Noticed a vault guard
 12922 | D:13     | Noticed a vault guard
 12922 | D:13     | Noticed a vault guard
 12924 | D:13     | Noticed a vault guard
 12925 | D:13     | Noticed an unseen horror
 12935 | D:13     | Killed a vault guard
 12935 | D:13     | Received a gift from Yredelemnul
 12936 | D:13     | Killed a vault guard
 12936 | D:13     | Reached skill level 5 in Invocations
 12936 | D:13     | Reached XP level 13. HP: 64/101 MP: 16/16
 12950 | D:13     | Killed a vault guard
 12968 | D:13     | Killed a vault guard
 12968 | D:13     | Reached skill level 11 in Axes
 12975 | D:13     | Received a gift from Yredelemnul
 13027 | D:13     | Reached skill level 10 in Fighting
 13380 | D:13     | Received a gift from Yredelemnul
 13731 | D:14     | Found a frozen archway.
 13763 | IceCv    | Entered an ice cave
 14084 | IceCv    | Received a gift from Yredelemnul
 14195 | IceCv    | Reached XP level 14. HP: 72/111 MP: 20/20
 14264 | IceCv    | Gained mutation: You are partially covered in rough black scales (AC +4, Dex -1). [potion of mutation]
 14264 | IceCv    | Lost mutation: You are weak. (Str -2) [potion of mutation]
 14264 | IceCv    | Gained mutation: Your spells are a little harder to cast, but a little more powerful. [potion of mutation]
 14354 | IceCv    | Received a gift from Yredelemnul
 14356 | IceCv    | Noticed a frost giant
 14359 | IceCv    | Reached ***** piety under Yredelemnul
 14359 | IceCv    | Reached skill level 12 in Axes
 14366 | IceCv    | Killed a frost giant
 14366 | IceCv    | Reached skill level 10 in Invocations
 14736 | D:14     | Noticed Josephine
 14742 | D:14     | Killed Josephine
 15065 | D:14     | Gained mutation: You are weak. (Str -2) [mutagenic meat]
 15130 | D:14     | Got a warped chain mail
 15141 | D:14     | Identified the +6 chain mail of Refuge {rF+ rN+} (You found it on level 14 of the Dungeon)
 15233 | D:15     | Entered Level 15 of the Dungeon
 15427 | D:15     | Received a gift from Yredelemnul
 15446 | D:15     | Slain by a skeletal warrior

Skill      XL: |  1  2  3  4  5  6  7  8  9 10 11 12 13 14 |
---------------+-------------------------------------------+-----
Shields        | 4 5 6 8 9 10 | 10.3
Polearms       | 3 4 5 6 7 9 10 | 10.0
Dodging        | 2 4 6 7 8 9 |  9.0
Fighting       | 4 6 8 9 10 11 | 11.2
Axes           | 5 8 10 11 12 | 12.7
Invocations    | 5 9 11 | 11.3
Armour         | |  3.2

Action                   |  1- 3 |  4- 6 |  7- 9 | 10-12 | 13-15 || total
-------------------------+-------+-------+-------+-------+-------++-------
Melee: Trident           |    74 |   252 |   600 |       |       ||   926
       Short sword       |       |       |    15 |    57 |       ||    72
       Kick              |       |       |     5 |   152 |   155 ||   312
       Executioner's axe |       |       |       |   446 |   387 ||   833
Invok: Injury Mirror     |       |       |       |     4 |       ||     4
       Recall Undead Sla |       |       |       |     1 |       ||     1
       Animate Dead      |       |       |       |       |     3 ||     3
       Drain Life        |       |       |       |       |     2 ||     2
 Abil: Dig               |       |       |     9 |    14 |    10 ||    33
       Shaft Self        |       |       |     2 |       |       ||     2
Evoke: Wand              |       |     2 |     1 |    15 |       ||    18
       Phial of floods   |       |       |       |     1 |       ||     1
  Use: Potion            |       |     3 |     7 |     9 |     3 ||    22
       Scroll            |       |     3 |     7 |    20 |     5 ||    35
 Stab: Distracted        |       |       |       |       |     3 ||     3
  Eat: Chunk             |       |     6 |    22 |    23 |    12 ||    63
       Beef jerky        |       |       |     1 |     1 |     2 ||     4
       Meat ration       |       |       |       |     1 |       ||     1
       Pizza             |       |       |       |     1 |       ||     1
Armor: Scale mail        |    22 |    79 |    11 |       |       ||   112
       Plate armour      |       |       |   100 |       |       ||   100
       Chain mail        |       |       |   162 |   303 |   178 ||   643
       Troll leather arm |       |       |       |       |    18 ||    18
Dodge: Dodged            |    15 |    68 |   137 |   192 |   235 ||   647
Block: Shield            |    35 |   122 |   437 |   578 |   456 ||  1628
       Reflection        |       |       |     5 |    25 |    12 ||    42
